 Dungeon Crawl Stone Soup version 0.29-a0-1043-g569b05d6ff (webtiles) character file.

Game seed: 8829125747847620851

4292 gelatine the Thaumaturge (level 10, -7/74 HPs)
             Began as a Demonspawn Fire Elementalist on Aug 15, 2022.
             Was a Believer of Vehumet.
             Killed by the air
             ... invoked by Gastronok
              (35 damage)
             ... on level 9 of the Dungeon.
             The game lasted 00:37:30 (10695 turns).

gelatine the Thaumaturge (DsFE)                    Turns: 10695, Time: 00:37:31

Health: -7/74      AC: 11    Str: 11    XL:     10   Next: 11%
Magic:  7/22       EV: 13    Int: 24    God:    Vehumet [**....]
Gold:   511        SH:  5    Dex: 19    Spells: 18/25 levels left

rFire   + . .      SeeInvis +   a - +6 hammer "Biol" {flame, rF+ Dex+6}
rCold   . . .      Faith    .   (no shield)
rNeg    . . .      Spirit   .   B - +2 steam dragon scales
rPois   .          Reflect  +   (no helmet)
rElec   .          Harm     .   m - +0 cloak
rCorr   .          Rampage  .   (no gloves)
Will    .....                   y - +1 pair of boots
Stlth   +++.......              t - amulet of reflection
HPRegen 0.22/turn               K - ring "Daehat" {Fly Str+3}
MPRegen 0.18/turn               h - ring of see invisible

@: flying, unable to read
A: powered by pain 2, weakness stinger 2, clever 1, robust 1, shaggy fur 1,
inability to read after injury 1
a: Renounce Religion


You were on level 9 of the Dungeon.
You worshipped Vehumet.
Vehumet was pleased with you.
You visited 2 branches of the dungeon, and saw 10 of its levels.
You also visited: Sewer.

You collected 511 gold pieces.

Inventory:

Hand Weapons
 a - the +6 hammer "Biol" (weapon) {flame, rF+ Dex+6}
   (You found it on level 6 of the Dungeon)

   It burns those it strikes, dealing additional fire damage.
   Dex:       It affects your dexterity (+6).
   rF:        It protects you from fire.
 c - a +2 quarterstaff of chaos
 g - a +2 hand axe of venom
 u - a +4 spear
 v - a +4 dagger of venom
 J - a +0 vampiric dagger
Missiles
 w - 12 poisoned darts
 x - a curare-tipped dart
 z - 3 atropa-tipped darts
Armour
 m - a +0 cloak (worn)
 y - a +1 pair of boots (worn)
 B - +2 steam dragon scales (worn)
Jewellery
 h - a ring of see invisible (right hand)
 t - an amulet of reflection (around neck)
 K - the ring "Daehat" (left hand) {Fly Str+3}
   (You found it on level 8 of the Dungeon)

   [ring of flight]

   Str:       It affects your strength (+3).
   Fly:       It grants you flight.
Wands
 C - a wand of flame (33)
 G - a wand of iceblast (4)
Scrolls
 d - 2 scrolls of teleportation
 f - a scroll of silence
 i - a scroll of fear
 l - 2 scrolls of enchant weapon
 n - a scroll of poison
 q - a scroll of amnesia
 r - a scroll of acquirement {unknown}
 D - a scroll of enchant armour
 I - a scroll of magic mapping
 L - a scroll of brand weapon {unknown}
Potions
 b - a potion of flight
 e - 2 potions of cancellation {unknown}
 j - 3 potions of might
 k - a potion of berserk rage {unknown}
 o - a potion of haste {unknown}
 p - a potion of invisibility
 s - a potion of magic
 A - a potion of resistance
 E - a potion of attraction {unknown}
 F - 2 potions of heal wounds
 H - a potion of brilliance {unknown}
 M - a potion of curing {unknown}


   Skills:
 + Level 2.6 Fighting
 + Level 1.1(1.4) Axes
 + Level 1.1(1.4) Maces & Flails
 + Level 0.3 Throwing
 + Level 2.9 Dodging
 + Level 3.6 Stealth
 + Level 1.9 Shields
 + Level 0.4 Unarmed Combat
 + Level 8.2 Spellcasting
 + Level 5.3 Conjurations
 + Level 8.2 Fire Magic


You had 18 spell levels left.
You knew the following spells:

 Your Spells              Type           Power      Damage    Failure   Level
a - Foxfire               Conj/Fire      100%       2x1d9     1%          1
b - Scorch                Fire           98%        2d9       1%          2
c - Ignite Poison         Fire/Tmut/Pois 23%        N/A       6%          3
d - Freeze                Ice            40%        1d6       6%          1

Your spell library contained the following spells:

 Spells                   Type           Power      Damage    Failure   Level
 Magic Dart               Conj           100%       1d8       1%          1
 Conjure Flame            Conj/Fire      42%        6-21      1%          3
 Inner Flame              Hex/Fire       29%        N/A       3%          3
 Flame Wave               Conj/Fire      42%        2d11      3%          4
 Sticky Flame             Conj/Fire      42%        2d6       3%          4
 Mephitic Cloud           Conj/Pois/Air  18%        N/A       9%          3
 Call Imp                 Summ           9%         N/A       10%         2
 Ozocubu's Armour         Ice            10%        N/A       19%         3
 Metabolic Englaciation   Hex/Ice        4%         N/A       87%         5
 Simulacrum               Ice/Necr       4%         N/A       100%        6


Dungeon Overview and Level Annotations

Branches:
Dungeon (9/15)             Temple (1/1) D:4            Lair (0/5) D:8
  Sewer (visited)
    Orc: D:9-12

Altars:
Ashenzari
Cheibriados
Dithmenos
Fedhas
Gozag
Hepliaklqana
Kikubaaqudgha
Makhleb
Nemelex Xobeh
Okawaru
Qazlal
Ru
Sif Muna
Trog
Uskayaw
Vehumet
Wu Jian
Xom
Yredelemnul

Shops:
D:6 *

Annotations:
D:4 3 runed translucent doors, pyrow613's ghost, novice DrMo
D:9 Gastronok


Innate Abilities, Weirdness & Mutations

You sometimes gain power by taking damage.
You have a tail ending in a sharp stinger.
Your mind is acute. (Int +4, Str/Dex -1)
You are robust. (+10% HP)
You are covered in fur. (AC +1)
You occasionally lose the ability to read scrolls when taking damage.


Message History

Vehumet accepts your kill.
You feel sick.
The killer bee stings you but does no damage.
The killer bee closely misses you. x2; The killer bee stings you.
Casting: Scorch (safe; 1% risk of failure)
Confirm with . or Enter, or press ? or * to list all spells.
Flames lash the killer bee.
The killer bee is heavily wounded.
The killer bee's fire resistance burns away.
You feel sick. The killer bee misses you.
The killer bee stings you but does no damage.
You block the killer bee's attack. The killer bee misses you.
Casting: Scorch (safe; 1% risk of failure)
Confirm with . or Enter, or press ? or * to list all spells.
Flames lash the killer bee.
The killer bee is burned terribly!
You kill the killer bee!
Vehumet accepts your kill.
You feel your power returning.
You feel sick.
The killer bee stings you but does no damage. x2
You hit the killer bee. You burn the killer bee.
Your tail-slap misses the killer bee.
The killer bee is almost dead.
You feel sick.
The killer bee stings you but does no damage.
The killer bee closely misses you. x2
Casting: Scorch (safe; 1% risk of failure)
Confirm with . or Enter, or press ? or * to list all spells.
Flames lash the killer bee.
The killer bee is burned terribly!
You kill the killer bee!
Vehumet accepts your kill.
You feel your power returning.
You feel sick.
You are no longer poisoned.
Throw: 13 darts (poison)
Press: ? - help, Shift-Dir - straight line, f - Gastronok
Aim: Gastronok, wearing a +1 hat of stealth (93% to hit)
You throw a poisoned dart. The poisoned dart hits Gastronok.
Gastronok waves his eye-stalks in wide circles.
The air twists around and strikes you!!
You feel threatened and lose the ability to read scrolls!
You die...

#.........#
#......w..#
#.....)...#
#.........#
#.........#
#........^#
#.[.......#
#....†....#
#.....@†..#
#.........#
###########


You could see Gastronok.

Vanquished Creatures
  A two-headed ogre (D:7)
  Maggie (D:6)
  Grinder (D:6)
  Prince Ribbit (D:5)
  A wyvern (D:7)
  Menkaure (D:5)
  2 water moccasins
  A sky beast (D:8)
  An orc warrior (D:7)
  3 ice beasts (D:6)
  An ogre (D:5)
  2 centaurs (D:8)
  3 kobold brigands
  2 phantoms
  Blork the orc (D:5)
  3 bullfrogs
  A scorpion (D:7)
  10 killer bees
  Crazy Yiuf (D:6)
  2 hounds
  5 orc priests
  2 jellies
  5 iguanas
  2 orc wizards
  A mummy (D:8)
  3 gnolls (D:2)
  6 adders
  5 river rats (Sewer)
  A white imp (D:7)
  An ufetubus (D:4)
  A worm (D:2)
  7 dart slugs
  18 orcs
  3 ball pythons
  2 endoplasms (D:2)
  5 giant cockroaches
  10 goblins
  3 hobgoblins
  8 jackals
  7 kobolds
  6 quokkas
  3 bats (D:3)
  7 frilled lizards
  A hobgoblin zombie (D:8)
  An orc zombie (D:8)
  8 rats
160 creatures vanquished.

Vanquished Creatures (collateral kills)
  14 foxfires (Sewer)
14 creatures vanquished.

Vanquished Creatures (others)
  An orc wizard (D:5)
  568 foxfires
  10 plants (Sewer)
579 creatures vanquished.

Grand Total: 753 creatures vanquished

Notes
Turn   | Place    | Note
-------+----------+-------------------------------------------
     0 | D:1      | gelatine the Demonspawn Fire Elementalist began the quest
                  | for the Orb.
     0 | D:1      | Reached XP level 1. HP: 13/13 MP: 3/3
   290 | D:1      | Found a faded altar of an unknown god.
   536 | D:1      | Gained mutation: You sometimes gain a little power by
                  | taking damage. [demonic ancestry]
   536 | D:1      | Reached XP level 2. HP: 20/20 MP: 1/5
  1548 | D:2      | HP: 1/20 [frozen (4)]
  2066 | D:2      | Gained mutation: You have a small tail. [demonic ancestry]
  2066 | D:2      | Reached XP level 3. HP: 20/25 MP: 0/6
  2775 | D:3      | Reached skill level 1 in Fighting
  2775 | D:3      | Reached XP level 4. HP: 32/32 MP: 3/7
  2988 | D:3      | Learned a level 2 spell: Scorch
  3041 | D:3      | Gained mutation: You are frail. (-10% HP) [potion of
                  | mutation]
  3041 | D:3      | Gained mutation: You have supernaturally acute eyesight.
                  | (SInv) [potion of mutation]
  3041 | D:3      | Gained mutation: Your flesh is heat resistant. (rF+)
                  | [potion of mutation]
  3041 | D:3      | Gained mutation: You have hidden genetic potential. [potion
                  | of mutation]
  3250 | D:4      | Found a runed translucent gate.
  3250 | D:4      | Found a runed translucent gate.
  3250 | D:4      | Found a runed translucent gate.
  3251 | D:4      | Noticed pyrow613's ghost (novice DrMo)
  3361 | D:4      | Found a glowing drain.
  3378 | Sewer    | Entered a sewer
  3499 | Sewer    | Reached XP level 5. HP: 23/33 MP: 4/9
  3741 | Sewer    | Gained mutation: You have a pair of small antennae on your
                  | head. [hidden potential]
  4334 | Sewer    | Reached XP level 6. HP: 38/38 MP: 7/11
  4344 | Sewer    | Gained mutation: You have a beak for a mouth. [hidden
                  | potential]
  4344 | Sewer    | Lost mutation: You have hidden genetic potential. [hidden
                  | potential expressed]
  5166 | D:4      | Found a staircase to the Ecumenical Temple.
  5188 | Temple   | Entered the Ecumenical Temple
  5382 | Temple   | Became a worshipper of Vehumet
  5448 | D:5      | Entered Level 5 of the Dungeon
  5455 | D:5      | Reached skill level 1 in Axes
  5661 | D:5      | Noticed Blork the orc
  5668 | D:5      | Killed Blork the orc
  5737 | D:5      | Noticed Prince Ribbit
  5743 | D:5      | Killed Prince Ribbit
  5744 | D:5      | Reached XP level 7. HP: 43/43 MP: 6/13
  6298 | D:5      | Found a shimmering altar of Xom.
  6373 | D:5      | Found an ancient bone altar of Kikubaaqudgha.
  6504 | D:5      | Noticed Menkaure
  6514 | D:5      | Killed Menkaure
  6515 | D:5      | Reached skill level 5 in Spellcasting
  6515 | D:5      | Reached skill level 5 in Fire Magic
  6519 | D:5      | Gained mutation: You sometimes gain power by taking damage.
                  | [demonic ancestry]
  6519 | D:5      | Reached XP level 8. HP: 47/50 MP: 6/15
  6790 | D:6      | Found Sudah's Overcharged Wands.
  6854 | D:6      | Learned a level 3 spell: Ignite Poison
  6858 | D:6      | Noticed Maggie
  6920 | D:6      | Reached * piety under Vehumet
  6920 | D:6      | Offered knowledge of Sandblast by Vehumet.
  6999 | D:6      | Noticed Grinder
  7011 | D:6      | Killed Maggie
  7098 | D:6      | Paralysed by Grinder for 2 turns
  7099 | D:6      | Killed Grinder
  7727 | D:6      | Found a runed translucent door.
  7728 | D:6      | Noticed Crazy Yiuf
  7733 | D:6      | Killed Crazy Yiuf
  7734 | D:6      | Reached XP level 9. HP: 54/54 MP: 13/18
  7737 | D:6      | Identified the +6 hammer "Biol" {flame, rF+ Dex+6}
  8404 | D:7      | Noticed a two-headed ogre
  8414 | D:7      | Killed a two-headed ogre
  8415 | D:7      | Reached skill level 1 in Shields
  8420 | D:7      | Lost mutation: You have supernaturally acute eyesight.
                  | (SInv) [potion of mutation]
  8420 | D:7      | Lost mutation: You have a pair of small antennae on your
                  | head. [potion of mutation]
  8420 | D:7      | Gained mutation: You are agile. (Dex +4, Str/Int -1)
                  | [potion of mutation]
  8420 | D:7      | Gained mutation: Your magical capacity is low. (-10% MP)
                  | [potion of mutation]
  8420 | D:7      | Gained mutation: You sometimes lose your temper in combat.
                  | [potion of mutation]
  8420 | D:7      | Gained mutation: You are strong-willed. (Will+) [potion of
                  | mutation]
  8421 | D:7      | Lost mutation: Your magical capacity is low. (-10% MP)
                  | [potion of mutation]
  8421 | D:7      | Lost mutation: You are strong-willed. (Will+) [potion of
                  | mutation]
  8421 | D:7      | Lost mutation: You are agile. (Dex +4, Str/Int -1) [potion
                  | of mutation]
  8421 | D:7      | Gained mutation: You occasionally lose the ability to read
                  | scrolls when taking damage. [potion of mutation]
  8421 | D:7      | Gained mutation: You are weak. (Str -2) [potion of
                  | mutation]
  8422 | D:7      | Lost mutation: You are weak. (Str -2) [potion of mutation]
  8422 | D:7      | Lost mutation: You sometimes lose your temper in combat.
                  | [potion of mutation]
  8422 | D:7      | Lost mutation: Your flesh is heat resistant. (rF+) [potion
                  | of mutation]
  8422 | D:7      | Gained mutation: You are agile. (Dex +4, Str/Int -1)
                  | [potion of mutation]
  8423 | D:7      | Lost mutation: You are agile. (Dex +4, Str/Int -1) [potion
                  | of mutation]
  8423 | D:7      | Lost mutation: You are frail. (-10% HP) [potion of
                  | mutation]
  8423 | D:7      | Lost mutation: You have a beak for a mouth. [potion of
                  | mutation]
  8423 | D:7      | Gained mutation: Your mind is acute. (Int +4, Str/Dex -1)
                  | [potion of mutation]
  8423 | D:7      | Gained mutation: You are robust. (+10% HP) [potion of
                  | mutation]
  8423 | D:7      | Gained mutation: You are covered in fur. (AC +1) [potion of
                  | mutation]
  9034 | D:7      | Reached skill level 5 in Conjurations
  9232 | D:8      | Found a staircase to the Lair.
  9260 | D:8      | Found a hazy altar of Hepliaklqana.
  9321 | D:8      | Reached skill level 1 in Maces & Flails
  9324 | D:8      | Reached ** piety under Vehumet
  9324 | D:8      | Offered knowledge of Freeze by Vehumet.
  9887 | D:8      | Learned a level 1 spell: Freeze
 10084 | D:8      | Gained mutation: You have a tail ending in a sharp stinger.
                  | [demonic ancestry]
 10084 | D:8      | Reached XP level 10. HP: 74/74 MP: 17/22
 10207 | D:8      | Identified the ring "Daehat" {Fly Str+3}
 10678 | D:9      | Noticed Gastronok
 10695 | D:9      | Killed from afar by Gastronok

Illustrated notes

Levels and vault maps discovered:
D:1:      dpeg_arrival_round_a, layout_loops_ring,
          shapermc_ecumenical_altar_totnotflames, minmay_box_of_dots
D:2:      layout_basic
D:3:      layout_rooms
D:4:      layout_basic, minmay_temple_entry_nine_rooms, gammafunk_ghost_split,
          portal_sewer_entry_f
D:5:      kennysheep_slugbush, layout_layer_cave, mainiacjoe_overflow_two_lobes,
          uniq_blork_the_orc, uniq_menkaure, uniq_prince_ribbit1
D:6:      layout_basic, nicolae_shop_overcharged_wands, uniq_crazy_yiuf_cottage,
          uniq_grinder, uniq_maggie
D:7:      layout_basic
D:8:      layout_gridville, mainiacjoe_overflow_24_doors, lair_entry_dummy,
          nicolae_ossuary_entry_giza, enter_bailey_5
D:9:      layout_cross, uniq_gastronok
Temple:   nicolae_temple_bog_church

Skill      XL: |  1  2  3  4  5  6  7  8  9 |
---------------+----------------------------+-----
Dodging        | 2 |  2.9
Fire Magic     | 3 4 5 6 8 |  8.2
Stealth        | 2 3 |  3.6
Fighting       | 1 2 |  2.6
Conjurations   | 2 3 4 5 |  5.3
Spellcasting   | 3 4 5 6 8 |  8.2
Axes           | 1 |  1.1
Shields        | 1 |  1.9
Maces & Flails | 1 |  1.1
Throwing       | |  0.3
Unarmed Combat | |  0.4

Action                   |  1- 3 |  4- 6 |  7- 9 | 10-12 || total
-------------------------+-------+-------+-------+-------++-------
Melee: Hand axe          |    27 |    35 |       |       ||    62
       Unarmed           |     4 |       |       |       ||     4
       Tailslap          |     1 |     7 |     4 |       ||    12
       Peck              |       |     5 |     6 |       ||    11
       Dagger            |       |       |    24 |       ||    24
       Mace              |       |       |    28 |     1 ||    29
Throw: Dart              |       |       |     2 |     1 ||     3
 Cast: Foxfire           |    66 |   107 |   150 |    16 ||   339
       Scorch            |       |     8 |    52 |     8 ||    68
       Freeze            |       |       |       |     1 ||     1
  Use: Scroll            |     5 |     8 |    10 |       ||    23
       Potion            |       |     2 |     5 |       ||     7
 Stab: Sleeping          |     3 |     2 |       |       ||     5
Armor: Robe              |     5 |     9 |       |       ||    14
       Steam dragon scal |       |       |    10 |    19 ||    29
Dodge: Dodged            |    17 |    25 |    71 |    33 ||   146
Block: Other             |       |       |    23 |     9 ||    32
       Reflection        |       |       |     3 |       ||     3

Table legend: (Time is in decaauts)
 A = Elapsed time spent in this place.
 B = Non-inter-level travel time spent in this place.
 C = Inter-level travel time spent in this place.
 D = Time resting spent in this place.
 E = Time spent auto-exploring this place.
 F = Levels seen in this place.
 G = Mean time per level.
                   A        B        C        D        E       F      G
               +--------+--------+--------+--------+--------+-----+--------+
         Total |  10907 |  10253 |    654 |    930 |   7452 |  11 |  991.5 |
       Dungeon |   9150 |   8549 |    601 |    845 |   6297 |   9 | 1016.7 |
        Temple |    210 |    157 |     53 |      0 |    132 |   1 |  210.0 |
         Sewer |   1547 |   1547 |      0 |     85 |   1022 |   1 | 1547.0 |
               +--------+--------+--------+--------+--------+-----+--------+

Top non-repeatable levels by time:
   Sewer: 1547 daAuts
     D:8: 1435 daAuts
     D:5: 1340 daAuts
     D:1: 1302 daAuts
     D:2: 1289 daAuts
     D:6: 1251 daAuts
     D:7: 1175 daAuts
     D:4: 666 daAuts
     D:3: 633 daAuts
  Temple: 210 daAuts
     D:9: 55 daAuts
